[Event "ICC Open 2015"]
[Site "Internet Chess Club"]
[Date "2015.05.30"]
[Round "8"]
[White "JRussell2"]
[Black "ivancele"]
[Result "0-1"]
[ICCResult "White forfeits on time"]
[WhiteElo "1224"]
[BlackElo "1586"]
[Opening "Pirc: classical (two knights) system"]
[ECO "B08"]
[NIC "PU.07"]
[Time "20:15:50"]
[TimeControl "180+0"]

1. e4 d6 2. d4 Nf6 3. Nc3 g6 4. Nf3 c6 5. e5 dxe5 6. Nxe5 Bg7 7. Be3 O-O 8.
Qd2 Nbd7 9. Bh6 Nxe5 10. Bxg7 Kxg7 11. dxe5 Qxd2+ 12. Kxd2 Ng4 13. f4 Bf5
14. Ke2 Nh6 15. Rc1 Rad8 16. h3 Be6 17. g4 Rd7 18. Bg2 Rfd8 19. Rhd1 Bc4+
20. Ke1 f5 21. exf6+ exf6 22. g5 fxg5 23. fxg5 Nf5 24. Rxd7+ Rxd7 25. Rd1
Re7+ 26. Kf2 Nh4 27. Kg3 Nxg2 28. Kxg2 b5 29. b3 Be2 30. Nxe2 Rxe2+ 31. Kg3
Rxc2 32. Rd7+ Kg8 33. Rxa7 Rc3+ 34. Kg2 c5 35. a4 bxa4 36. bxa4 Ra3 37. a5
c4 38. a6 c3 39. Rc7 Rxa6 40. Rxc3 Ra5 41. Rg3 Kg7 42. h4 h6 43. Kh3 hxg5
44. Rxg5 Ra4 45. Kg3 Kh6 46. Rc5 Ra3+ {White forfeits on time} 0-1

[Event "ICC Open 2015"]
[Site "Internet Chess Club"]
[Date "2015.05.30"]
[Round "8"]
[White "blackending"]
[Black "nadalthegreat"]
[Result "1-0"]
[ICCResult "Black checkmated"]
[WhiteElo "1745"]
[BlackElo "1843"]
[Opening "Ruy Lopez: Cozio defense"]
[ECO "C60"]
[NIC "RL.04"]
[Time "20:15:54"]
[TimeControl "180+0"]

1. e4 e5 2. Nf3 Nc6 3. Bb5 Nge7 4. O-O g6 5. Re1 Bg7 6. c3 a6 7. Ba4 O-O 8.
d4 exd4 9. cxd4 d6 10. h3 h6 11. Nc3 b5 12. Bc2 Bb7 13. a3 Re8 14. Be3 d5
15. e5 Nc8 16. Qd2 Nb6 17. Bxh6 Nc4 18. Qg5 Qxg5 19. Bxg5 Nxb2 20. Nxd5 Rac8
21. Nf6+ Bxf6 22. Bxf6 Ne7 23. Ng5 Nc4 24. e6 fxe6 25. Rxe6 Bd5 26. Rxe7
Rxe7 27. Bxe7 Re8 28. Bf6 Re2 29. Bxg6 Nd2 30. Rc1 c6 31. Bd3 Re8 32. Rd1
Nc4 33. Bxc4 Bxc4 34. Be5 Bd5 35. Nf3 Rc8 36. Rc1 a5 37. Kf1 b4 38. axb4
axb4 39. Rb1 b3 40. Nd2 Rb8 41. Bxb8 Kf7 42. Nxb3 Ke6 43. Nc5+ Kf5 44. Be5
Bc4+ 45. Ke1 Bd5 46. Rb7 Kg6 47. Rg7+ Kf5 48. f4 Be6 49. g4# {Black
checkmated} 1-0

[Event "ICC Open 2015"]
[Site "Internet Chess Club"]
[Date "2015.05.30"]
[Round "8"]
[White "Bagelhead"]
[Black "ro9991"]
[Result "1-0"]
[ICCResult "Black forfeits on time"]
[WhiteElo "2371"]
[BlackElo "1960"]
[Opening "Queen's gambit declined"]
[ECO "D30"]
[NIC "QP.08"]
[Time "20:15:50"]
[TimeControl "180+0"]

1. d4 d5 2. c4 e6 3. Nf3 c6 4. e3 Nf6 5. b3 Nbd7 6. Bd3 Be7 7. O-O O-O 8.
Bb2 b6 9. Nbd2 Bb7 10. Ne5 Nxe5 11. dxe5 Nd7 12. cxd5 cxd5 13. Rc1 Nc5 14.
Bb1 Ba6 15. Re1 Nd3 16. Bxd3 Bxd3 17. Nf3 Ba6 18. Nd4 Qd7 19. Qd2 Rac8 20.
Bc3 Ba3 21. Rc2 Qe7 22. Bb2 Rxc2 23. Qxc2 Rc8 24. Qb1 Qb4 25. Rd1 Bxb2 26.
Qxb2 Qc3 27. Qxc3 Rxc3 28. h3 Kf8 29. Re1 Ke7 30. f3 f6 31. f4 Bd3 32. Kf2
Be4 33. Rd1 a6 34. g4 fxe5 35. fxe5 g5 36. Ke2 h6 37. Rg1 b5 38. Rd1 b4 39.
Rd2 a5 40. Kf2 Rd3 41. Re2 Kd7 42. Kg3 Rc3 43. h4 gxh4+ 44. Kxh4
{Black forfeits on time}
1-0

[Event "ICC Open 2015"]
[Site "Internet Chess Club"]
[Date "2015.05.30"]
[Round "8"]
[White "kava"]
[Black "Sebs"]
[Result "0-1"]
[ICCResult "White forfeits on time"]
[WhiteElo "2907"]
[BlackElo "2978"]
[Opening "QGD Slav: 4.e3 Bf5"]
[ECO "D12"]
[NIC "QP.11"]
[Time "20:15:44"]
[TimeControl "180+0"]

1. Nf3 Nf6 2. c4 c6 3. d4 d5 4. e3 Bf5 5. Nc3 e6 6. Nh4 Bg6 7. Be2 Nbd7 8.
g3 Be7 9. Bd2 Qc7 10. cxd5 exd5 11. Rc1 Nb6 12. Qb3 Qd7 13. Nxg6 hxg6 14.
Bf3 O-O-O 15. Na4 Nc4 16. Bb4 Bxb4+ 17. Qxb4 Qf5 18. Ke2 g5 19. Nc5 Nd6 20.
Nd3 g4 21. Bg2 Nfe4 22. a4 Rhe8 23. a5 a6 24. b3 Re7 25. Qb6 g5 26. h3 Rde8
27. hxg4 Qxg4+ 28. Kf1 Nf5 29. Bh3 Qf3 30. Rxc6+ Kb8 31. Kg1 Nexg3 32. Bg2
Ne2+ 33. Kf1 Nxe3+ 34. Ke1 Nxg2+ 35. Kd2 Ngf4 36. Nc5 Nxd4 37. Nxa6+ Ka8 38.
Qxd4 Qe2+ 39. Kc1 Qe1+ 40. Rxe1 Rxe1+ 41. Kb2 R1e2+ 42. Ka3 R2e6 43. Kb4
Rxc6 44. Qa7+ Kxa7 45. Nc5 Rb6+ 46. Ka3 Rb5 47. Kb2 Rxa5
{White forfeits on time}
0-1

[Event "ICC Open 2015"]
[Site "Internet Chess Club"]
[Date "2015.05.30"]
[Round "8"]
[White "DangerousDeath"]
[Black "RJoseph12"]
[Result "1-0"]
[ICCResult "Black checkmated"]
[WhiteElo "1650"]
[BlackElo "1245"]
[Opening "QGD Slav: 4.Nc3"]
[ECO "D15"]
[NIC "SL.03"]
[Time "20:16:07"]
[TimeControl "180+0"]

1. d4 d5 2. c4 c6 3. Nf3 Nf6 4. Nc3 Bf5 5. e3 e6 6. a3 Nbd7 7. b4 a6 8. Bb2
Bd6 9. Rc1 O-O 10. Qb3 Rc8 11. Be2 h6 12. O-O Re8 13. Rfd1 e5 14. dxe5 Nxe5
15. cxd5 Nxf3+ 16. Bxf3 cxd5 17. Nxd5 Nxd5 18. Bxd5 Be6 19. Bxe6 Rxe6 20.
Rd5 Rxc1+ 21. Bxc1 Qc7 22. Qd1 Kh7 23. g3 Rf6 24. Bb2 Rg6 25. Qd3 Kg8 26. b5
axb5 27. Qxb5 Qc2 28. Qe8+ Kh7 29. Bd4 Qc1+ 30. Kg2 Qc6 31. e4 Bc7 32. Qxf7
Bb6 33. Bxb6 Qxb6 34. h4 Rd6 35. Qf5+ Rg6 36. e5 Qc6 37. Qe4 Kg8 38. Kh2 Re6
39. Rd8+ Kf7 40. Qf4+ Ke7 41. Qf8# {Black checkmated} 1-0

[Event "ICC Open 2015"]
[Site "Internet Chess Club"]
[Date "2015.05.30"]
[Round "8"]
[White "penguingm1"]
[Black "unkavalo"]
[Result "1-0"]
[ICCResult "Black checkmated"]
[WhiteElo "2830"]
[BlackElo "2540"]
[Opening "Old Indian: Janowski variation"]
[ECO "A53"]
[NIC "OI.04"]
[Time "20:14:54"]
[TimeControl "180+0"]

1. d4 Nf6 2. c4 d6 3. Nc3 Bf5 4. f3 e5 5. e4 exd4 6. Qxd4 Nc6 7. Qf2 Be6 8.
Be3 Be7 9. Qd2 O-O 10. b3 Ne5 11. h3 Nh5 12. f4 Bh4+ 13. Bf2 Nc6 14. g4 Ng3
15. Nf3 Nxf1 16. Kxf1 Bxf2 17. Kxf2 f6 18. Rag1 a5 19. f5 Bf7 20. g5 Bh5 21.
g6 h6 22. Nh2 Ne5 23. Ng4 Bxg4 24. hxg4 c6 25. Rh4 Qb6+ 26. Kg2 Qxg1+ 27.
Kxg1 Nf3+ 28. Kf2 Nxd2 29. Ke2 Nxe4 30. Nxe4 Rfe8 31. Kf3 Rxe4 32. Kxe4 Re8+
33. Kf3 Re1 34. Rh2 Kf8 35. Rb2 Ke7 36. b4 a4 37. b5 c5 38. b6 Rc1 39. Rb5
Rc3+ 40. Kg2 Rxc4 41. Ra5 Rxg4+ 42. Kf3 Rb4 43. Ra8 Rxb6 44. Rg8 Rb1 45.
Rxg7+ Ke8 46. Rc7 Kf8 47. Ke4 Rd1 48. Rxb7 h5 49. Rf7+ Kg8 50. Rxf6 h4 51.
Kf4 c4 52. Kg5 h3 53. Re6 h2 54. Re8+ Kg7 55. f6# {Black checkmated} 1-0

[Event "ICC Open 2015"]
[Site "Internet Chess Club"]
[Date "2015.05.30"]
[Round "8"]
[White "EGK"]
[Black "Massarioli"]
[Result "1-0"]
[ICCResult "Black forfeits on time"]
[WhiteElo "2156"]
[BlackElo "2167"]
[Opening "QGD Slav: 4.Nc3"]
[ECO "D15"]
[NIC "SL.03"]
[Time "20:15:47"]
[TimeControl "180+0"]

1. d4 d5 2. c4 c6 3. Nf3 Nf6 4. Nc3 a6 5. c5 g6 6. Bf4 Bg7 7. e3 O-O 8. Bd3
Re8 9. O-O Nfd7 10. e4 e5 11. Nxe5 Nxe5 12. dxe5 Bxe5 13. Bxe5 Rxe5 14. exd5
cxd5 15. Re1 Rxe1+ 16. Qxe1 Be6 17. Rd1 Qg5 18. Ne2 Nc6 19. Qc3 Bg4 20. Re1
Re8 21. Kf1 Bxe2+ 22. Rxe2 Rxe2 23. Bxe2 d4 24. Qc2 Qd5 25. Qc4 Qf5 26. Bd3
Qf4 27. g3 Qd2 28. Qc2 Qh6 29. Kg2 Qg5 30. Be4 Qe5 31. Bxc6 bxc6 32. b4 Qd5+
33. Kg1 d3 34. Qd2 Qc4 35. Kf1 Qc2 36. Ke1 Qb1+ 37. Qd1 Qxb4+ 38. Kf1 Qc4
39. a3 d2+ 40. Kg2 Qc1 41. Qe2 Qxc5 42. Qe8+ Qf8 43. Qe2 Qd8 44. Qd1 Qd5+
45. Kf1 Kg7 46. Ke2 f6 47. Qxd2 Qxd2+ 48. Kxd2 f5 49. Kc3 Kf6 50. Kc4 Ke5
51. Kc5 Ke4 52. Kxc6 Kf3 53. Kb6 Kxf2 54. Kxa6 f4 55. a4 fxg3 56. hxg3 Kxg3
57. a5 h5 58. Kb6 h4 59. a6 h3 60. a7 h2 61. a8=Q Kh3 62. Qh1 g5 63. Qf3+
Kh4 64. Qg2 g4 65. Qxh2+ Kg5 66. Kc5 Kf5 67. Qg2 Kg5 68. Kd5 Kf5 69. Kd4 Kg5
70. Ke4 Kh4 71. Kf4 Kh5 72. Qxg4+ Kh6 73. Kf5 {Black forfeits on time} 1-0

[Event "ICC Open 2015"]
[Site "Internet Chess Club"]
[Date "2015.05.30"]
[Round "8"]
[White "VictorRed"]
[Black "Moritex"]
[Result "1-0"]
[ICCResult "Black forfeits on time"]
[WhiteElo "1828"]
[BlackElo "1763"]
[Opening "Queen's pawn"]
[ECO "A40"]
[NIC "QO.17"]
[Time "20:15:53"]
[TimeControl "180+0"]

1. d4 e6 2. Nf3 f5 3. g3 b6 4. Bg2 Bb7 5. O-O Nf6 6. c4 Be7 7. Nc3 O-O 8.
Bf4 Ne4 9. Nb5 d6 10. Nd2 a6 11. Nxe4 fxe4 12. Nc3 d5 13. cxd5 exd5 14. Qb3
Bf6 15. Nxe4 Bxd4 16. Ng5 Qd7 17. Bh3 Qe7 18. Ne6 Rxf4 19. Nxf4 c6 20. Be6+
Kh8 21. Qd3 Be5 22. Bf5 Bxf4 23. gxf4 g6 24. Bg4 Nd7 25. Bf3 Nc5 26. Qe3 Qf6
27. Qe5 Rf8 28. Qxf6+ Rxf6 29. e3 Kg7 30. Kh1 Rd6 31. Rg1 Bc8 32. Rg2 Kf7
33. Rg3 Bf5 34. Rag1 Ne4 35. Bg4 Bxg4 36. f3 Nf2+ 37. Kg2
{Black forfeits on time}
1-0

[Event "ICC Open 2015"]
[Site "Internet Chess Club"]
[Date "2015.05.30"]
[Round "8"]
[White "lemanofzorn"]
[Black "awesome5123"]
[Result "1/2-1/2"]
[ICCResult "White ran out of time and Black has no material to mate"]
[WhiteElo "1421"]
[BlackElo "1540"]
[Opening "Dutch defense"]
[ECO "A84"]
[NIC "HD.10"]
[Time "20:15:17"]
[TimeControl "180+0"]

1. d4 f5 2. c4 Nf6 3. Bg5 e6 4. e3 Be7 5. Nf3 Nc6 6. d5 exd5 7. Bxf6 Bxf6 8.
cxd5 Bxb2 9. dxc6 Bxa1 10. Nd4 Bxd4 11. Qxd4 dxc6 12. Qxg7 Rf8 13. Qxh7 Bd7
14. Be2 Qf6 15. Bh5+ Kd8 16. O-O Qe7 17. Qg6 Be8 18. Rd1+ Kc8 19. Qh6 Bxh5
20. Qxh5 b6 21. Qf3 Kb7 22. Nc3 Rf6 23. a4 Qa3 24. Nb5 Qxa4 25. Nd4 Rd6 26.
g3 Rad8 27. Rc1 Kb8 28. Nxc6+ Rxc6 29. Rxc6 Rd1+ 30. Kg2 Qe4 31. Qxe4 fxe4
32. Rc4 a5 33. Rxe4 b5 34. Re5 c6 35. h4 b4 36. h5 b3 37. h6 b2 38. h7 b1=Q
39. h8=Q+ Ka7 40. Re7+ Ka6 41. Qa8+ Kb5 42. Rb7+ Ka4 43. Rxb1 Rxb1 44. Qxc6+
Rb5 45. Qxb5+ Kxb5 46. g4 a4 47. g5 a3 48. g6 a2 49. g7 a1=Q 50. g8=B Qd1
51. f3 Qd8 52. e4 Qf8 53. Kf2 Qe7 54. Ke3 Qf8 55. f4 Qxg8 56. e5 Qf7 57. Ke4
Kc6 58. f5 Kd7 59. e6+ Ke8 60. exf7+ Kxf7
{White ran out of time and Black has no material to mate}
1/2-1/2

[Event "ICC Open 2015"]
[Site "Internet Chess Club"]
[Date "2015.05.30"]
[Round "8"]
[White "Mormegil"]
[Black "reydelmambo"]
[Result "0-1"]
[ICCResult "White forfeits on time"]
[WhiteElo "1710"]
[BlackElo "1966"]
[Opening "Queen's gambit accepted"]
[ECO "D20"]
[NIC "QG.03"]
[Time "20:15:34"]
[TimeControl "180+0"]

1. d4 d5 2. c4 dxc4 3. e3 c5 4. Bxc4 cxd4 5. exd4 Nf6 6. Nf3 e6 7. Nc3 a6 8.
O-O Be7 9. Bf4 b5 10. Bb3 Bb7 11. Qd3 O-O 12. Rad1 Nc6 13. a3 Na5 14. Bc2
Nc4 15. Bc1 g6 16. Nd2 Rc8 17. Nxc4 Rxc4 18. Be3 Nd5 19. Nxd5 Qxd5 20. f3
Rc7 21. Bh6 Rd8 22. Qd2 Bf6 23. Be3 Rcd7 24. Be4 Qd6 25. Bf4 Qb6 26. Be3 Bd5
27. Qc3 Bg7 28. Rd2 Bxe4 29. fxe4 Bxd4 30. Bxd4 Rxd4 31. Rxd4 Qxd4+ 32. Qxd4
Rxd4 33. Re1 Rd2 34. b4 Kf8 35. Re3 Ke7 36. h3 Kd6 37. Kh2 Ke5 38. Kg3 Kd4
39. Rf3 Rd3 40. Rxd3+ Kxd3 41. Kf4 Kc3 42. Kg5 Kb3 43. Kf6 Kxa3 44. Kxf7
Kxb4 45. Kxe6 a5 46. Kf7 a4 47. e5 a3 48. e6 a2 49. e7 a1=Q 50. e8=Q Qa7+
51. Kg8 Qc7 52. Qe1+ Kb3 53. Qb1+ Ka4 54. Qa2+ Kb4 55. Qb2+ Ka5 56. Qa3+ Kb6
57. Qa1 b4 58. Qb2 Kb5 59. Qe2+ Qc4+ 60. Qxc4+ Kxc4 61. Kxh7 b3 62. Kxg6 b2
63. h4 b1=Q+ 64. Kg7 Kd5 65. h5 Ke6 {White forfeits on time} 0-1

[Event "ICC Open 2015"]
[Site "Internet Chess Club"]
[Date "2015.05.30"]
[Round "8"]
[White "DarkThrone"]
[Black "Mighty-Penguin"]
[Result "1-0"]
[ICCResult "Black checkmated"]
[WhiteElo "2426"]
[BlackElo "2030"]
[Opening "QGD semi-Slav: anti-Meran gambit"]
[ECO "D44"]
[NIC "SL.07"]
[Time "20:15:55"]
[TimeControl "180+0"]

1. d4 d5 2. c4 c6 3. Nc3 Nf6 4. Nf3 e6 5. Bg5 dxc4 6. e4 b5 7. e5 h6 8. Bh4
g5 9. Nxg5 hxg5 10. Bxg5 Be7 11. exf6 Bxf6 12. Bxf6 Qxf6 13. g3 Na6 14. Ne4
Qe7 15. Bg2 Bb7 16. O-O O-O-O 17. a4 f5 18. Nc3 b4 19. Ne2 c5 20. Rc1 Bxg2
21. Kxg2 Qb7+ 22. f3 Qd5 23. Qc2 c3 24. bxc3 b3 25. Qd3 c4 26. Qe3 Qc6 27.
Nf4 Nc7 28. Rfe1 Rde8 29. Ng6 Rhg8 30. Ne5 Qd5 31. Qe2 f4 32. g4 Rh8 33.
Qxc4 Qxc4 34. Nxc4 Nd5 35. Nd6+ Kd7 36. Nxe8 Rxe8 37. h4 Rb8 38. c4 b2 39.
Rb1 Nc3 40. g5 Nxa4 41. Re2 Rb4 42. Kh3 Rxc4 43. Kg4 Rxd4 44. h5 Nc3 45.
Rbxb2 Nxe2 46. Rxe2 Rd1 47. Kxf4 Rg1 48. Ra2 Rh1 49. Rxa7+ Kd6 50. h6 e5+
51. Kf5 Rh3 52. Ra6+ Kd5 53. Kg6 Rxf3 54. h7 Rh3 55. Kg7 e4 56. Ra8 e3 57.
Re8 Rh5 58. g6 Re5 59. Rxe5+ Kxe5 60. h8=Q e2 61. Qe8+ Kf4 62. Qxe2 Kg5 63.
Kf7 Kh6 64. g7 Kh7 65. g8=Q+ Kh6 66. Qh2# {Black checkmated} 1-0

[Event "ICC Open 2015"]
[Site "Internet Chess Club"]
[Date "2015.05.30"]
[Round "8"]
[White "Schack"]
[Black "KVR"]
[Result "1-0"]
[ICCResult "Black forfeits on time"]
[WhiteElo "1643"]
[BlackElo "1348"]
[Opening "Robatsch defense: two knights variation"]
[ECO "A40"]
[NIC "KF.05"]
[Time "20:16:13"]
[TimeControl "180+0"]

1. d4 g6 2. e4 Bg7 3. Nf3 d6 4. Nc3 e6 5. Be2 Ne7 6. Be3 Nbc6 7. O-O b6 8.
Qd2 Bb7 9. Bh6 Bxh6 10. Qxh6 Qd7 11. Qg7 O-O-O 12. Qxf7 e5 13. dxe5 Nxe5 14.
Nxe5 dxe5 15. Rad1 Qe8 16. Qe6+ Kb8 17. Rxd8+ Qxd8 18. Rd1 Qe8 19. f3 Nc6
20. Qxe8+ Rxe8 21. Bb5 a6 22. Bxc6 Bxc6 23. Nd5 Bxd5 24. Rxd5 c6 25. Rd6 Kc7
26. Rd3 c5 27. Kf1 b5 28. Kf2 Kc6 29. h4 c4 30. Rd5 Re6 31. Ke3 a5 32. b3 c3
33. Kd3 b4 34. Rxa5 Kb6 35. Ra4 Rd6+ 36. Kc4 Rd2 37. Rxb4+ Kc6 38. Kxc3 Rxg2
39. a4 Rf2 40. Rb5 Rxf3+ 41. Kb4 Kd6 42. a5 Rf4 43. Rb6+ Kc7 44. c4 Rxe4 45.
Re6 Rxh4 46. Rxe5 Rf4 47. Re7+ Kb8 48. Rxh7 g5 49. Rg7 g4 50. a6 g3 51. Rxg3
Ka7 52. Rg6 Rf5 53. Ka4 Rc5 54. Kb4 Rf5 55. Rc6 Rf7 56. Kb5
{Black forfeits on time}
1-0

[Event "ICC Open 2015"]
[Site "Internet Chess Club"]
[Date "2015.05.30"]
[Round "8"]
[White "raja2015"]
[Black "orak"]
[Result "1-0"]
[ICCResult "Black forfeits on time"]
[WhiteElo "1532"]
[BlackElo "1600"]
[Opening "Alekhine's defense: Scandinavian variation"]
[ECO "B02"]
[NIC "AL.10"]
[Time "20:15:33"]
[TimeControl "180+0"]

1. e4 Nf6 2. Nc3 d5 3. exd5 Nxd5 4. Nxd5 Qxd5 5. d3 Nc6 6. Qf3 Qe5+ 7. Qe2
Bf5 8. Qxe5 Nxe5 9. Be2 O-O-O 10. Nf3 Nc6 11. Be3 e5 12. O-O-O f6 13. h3 g5
14. a3 h5 15. Kb1 Be7 16. Bc1 Be6 17. Nd2 f5 18. f3 Bd5 19. Rhf1 Nd4 20.
Rde1 Nxe2 21. Rxe2 Bf6 22. Rfe1 Rhe8 23. Nf1 h4 24. Ne3 Be6 25. Nf1 g4 26.
hxg4 fxg4 27. fxg4 Bxg4 28. Re4 Bf5 29. Rc4 Rg8 30. Ne3 Be6 31. Rb4 a5 32.
Re4 Rg3 33. Nc4 Bxc4 34. Rxc4 Rxg2 35. Rh1 Rh8 36. Re4 h3 37. Ree1 h2 38.
Be3 Kd7 39. c3 Ke6 40. d4 e4 41. Bf4 Kd5 42. Ka2 c6 43. Kb3 Rh4 44. Be3 Ke6
45. Kc4 b5+ 46. Kc5 Kd7 47. Kb6 Be7 48. Kxa5 Rhg4 49. b4 Rc2 50. Kb6 Bd8+
51. Kc5 Ra2 52. d5 Rxa3 53. dxc6+ Kc7 54. Rd1 Rg5+ 55. Rd5 Rxd5+ 56. Kxd5
Rxc3 57. Bf4+ {Black forfeits on time} 1-0

[Event "ICC Open 2015"]
[Site "Internet Chess Club"]
[Date "2015.05.30"]
[Round "8"]
[White "eddington"]
[Black "harolika"]
[Result "1-0"]
[ICCResult "Black checkmated"]
[WhiteElo "2181"]
[BlackElo "1901"]
[Opening "Sicilian: Labourdonnais-Löwenthal (Kalashnikov) variation"]
[ECO "B32"]
[NIC "SI.32"]
[Time "20:16:01"]
[TimeControl "180+0"]

1. e4 c5 2. Nf3 Nc6 3. d4 cxd4 4. Nxd4 e5 5. Nb5 d6 6. N1c3 a6 7. Na3 b5 8.
Nd5 Nge7 9. c4 Nd4 10. Bd3 Nxd5 11. cxd5 Be7 12. O-O O-O 13. Be3 Bg5 14. Qd2
h6 15. Rac1 Qf6 16. Nc2 Nxc2 17. Rxc2 Bd7 18. Rc7 Rfd8 19. Rfc1 Rac8 20. h3
Qg6 21. Kh2 Bxe3 22. Qxe3 Qf6 23. g3 Rxc7 24. Rxc7 h5 25. h4 Bg4 26. Rc6 Ra8
27. Kg2 b4 28. Bxa6 Bd7 29. Rb6 Qg6 30. Bc4 Qg4 31. Rxd6 Rc8 32. b3 Ra8 33.
Qg5 Qh3+ 34. Kg1 Bg4 35. Bf1 Qxf1+ 36. Kxf1 Rxa2 37. Rd8+ Kh7 38. Kg2 Ra1
39. Qe7 Be2 40. Qxf7 Bf1+ 41. Kh2 Ra7 42. Qxh5# {Black checkmated} 1-0

[Event "ICC Open 2015"]
[Site "Internet Chess Club"]
[Date "2015.05.30"]
[Round "8"]
[White "SWAT-TEAM"]
[Black "Cinzento"]
[Result "1-0"]
[ICCResult "Black forfeits on time"]
[WhiteElo "1890"]
[BlackElo "1801"]
[Opening "Queen's pawn: London system"]
[ECO "A45"]
[NIC "QP.07"]
[Time "20:15:59"]
[TimeControl "180+0"]

1. d4 Nf6 2. Bf4 g6 3. e3 Bg7 4. Nf3 O-O 5. Nbd2 d6 6. Bc4 Nfd7 7. h3 e5 8.
Bg5 Qe8 9. O-O c6 10. a4 d5 11. Be2 e4 12. Ne1 f6 13. Bf4 g5 14. Bd6 Rf7 15.
Bh5 f5 16. Bxf7+ Qxf7 17. c4 Qg6 18. cxd5 Qxd6 19. dxc6 bxc6 20. Qb3+ Qd5
21. Rc1 Qxb3 22. Nxb3 Ba6 23. Nc2 Bxf1 24. Kxf1 c5 25. Na3 cxd4 26. Nxd4
Bxd4 27. exd4 Na6 28. Nb5 Nb4 29. Rc7 Nf6 30. Nxa7 Nfd5 31. Rc8+ Rxc8 32.
Nxc8 Kf7 33. Nd6+ Ke6 34. Nc4 Nd3 35. b3 N5b4 36. a5 Kd5 37. Nb6+ Kxd4 38.
Nc8 Nc5 39. Nd6 Ke5 40. Nc4+ Ke6 41. Nd2 Nc6 42. Nc4 Nxb3 43. a6 Nc5 44. Ne3
Ke5 45. Ke1 f4 46. Nc4+ Kd5 47. Nb6+ Kd6 48. Nc8+ Kc7 49. Na7 Nxa7 50. Kd2
Nb5 51. Kc2 Kb6 52. a7 Kxa7 53. g3 Kb6 54. gxf4 gxf4 55. h4 Kc6 56. Kd2 Kd5
57. Ke2 Kd4 58. f3 Nc3+ 59. Kf2 e3+ 60. Kf1 Nd3 61. Kg2 e2 62. Kh3 e1=Q 63.
Kg4 {Black forfeits on time} 1-0

[Event "ICC Open 2015"]
[Site "Internet Chess Club"]
[Date "2015.05.30"]
[Round "8"]
[White "QuintilianoR"]
[Black "LastKeks"]
[Result "0-1"]
[ICCResult "White checkmated"]
[WhiteElo "2570"]
[BlackElo "3073"]
[Opening "King's Indian: orthodox, 7...Nbd7"]
[ECO "E94"]
[NIC "KI.13"]
[Time "20:16:04"]
[TimeControl "180+0"]

1. d4 Nf6 2. c4 g6 3. Nc3 Bg7 4. Nf3 O-O 5. e4 d6 6. Be2 e5 7. O-O Nbd7 8.
Be3 Ng4 9. Bg5 f6 10. Bc1 Nh6 11. Qc2 Nf7 12. Re1 Ng5 13. Nxg5 fxg5 14. d5
h5 15. Be3 g4 16. Rac1 a6 17. b4 Kh7 18. c5 Bh6 19. Bxh6 Kxh6 20. cxd6 cxd6
21. Na4 Nf6 22. Bf1 Bd7 23. Nb2 Rc8 24. Qd2+ Kg7 25. Nc4 Bb5 26. Na5 Bxf1
27. Rxf1 Nxe4 28. Qe3 Rxc1 29. Rxc1 Nxf2 30. Nxb7 Qf6 31. a4 h4 32. g3 hxg3
33. hxg3 Nh3+ 34. Kh1 Rf7 35. Na5 Qf3+ 36. Qxf3 gxf3 37. Kh2 Nf2 38. Nc4 e4
39. Nxd6 Rd7 40. Nxe4 Nxe4 41. Rf1 f2 42. Kg2 Rxd5 43. Rc1 Rf5 44. Rf1 Kf6
45. b5 axb5 46. axb5 Rxb5 47. Ra1 Ke5 48. Ra8 Rb1 49. Re8+ Kd4 50. Rxe4+
Kxe4 51. Kxf2 Rb2+ 52. Ke1 Kf3 53. Kd1 Kxg3 54. Kc1 Rf2 55. Kd1 Kf3 56. Kc1
g5 57. Kb1 g4 58. Kc1 g3 59. Kb1 g2 60. Kc1 g1=Q# {White checkmated} 0-1

[Event "ICC Open 2015"]
[Site "Internet Chess Club"]
[Date "2015.05.30"]
[Round "8"]
[White "QuieroAprender"]
[Black "klodshans"]
[Result "1-0"]
[ICCResult "Black forfeits on time"]
[WhiteElo "1497"]
[BlackElo "1643"]
[Opening "French defense"]
[ECO "C00"]
[NIC "FR.01"]
[Time "20:15:07"]
[TimeControl "180+0"]

1. e4 e6 2. Nf3 d5 3. exd5 exd5 4. Bb5+ Bd7 5. Qe2+ Ne7 6. Bxd7+ Qxd7 7. O-O
Nc6 8. Ne5 Nxe5 9. Qxe5 O-O-O 10. Re1 Ng6 11. Qg3 Bd6 12. Qb3 Nf4 13. g3
Nh3+ 14. Kg2 Ng5 15. Qxd5 Qh3+ 16. Kh1 h6 17. Qg2 Qf5 18. d3 Rhe8 19. Bd2
Nf3 20. Rxe8 Rxe8 21. Be3 Kb8 22. Nc3 h5 23. Ne4 h4 24. Nxd6 cxd6 25. g4 Qd5
26. c4 Qc6 27. b4 h3 28. Qg3 Rxe3 29. fxe3 Ne1+ 30. e4 Nc2 31. Rb1 Nd4 32.
b5 Qc5 33. Qxh3 Ne2 34. Qh8+ Kc7 35. Qxg7 Kb6 36. Qxf7 Qe3 37. Qf6 Qd4 38.
Re1 Qxf6 39. Rxe2 Qf3+ 40. Rg2 Qd1+ 41. Rg1 Qxd3 42. h4 Qxe4+ 43. Rg2 Qe1+
44. Kh2 Qxh4+ 45. Kg1 {Black forfeits on time} 1-0

[Event "ICC Open 2015"]
[Site "Internet Chess Club"]
[Date "2015.05.30"]
[Round "8"]
[White "ShadowLike"]
[Black "Cristhian-ator"]
[Result "0-1"]
[ICCResult "White forfeits on time"]
[WhiteElo "2216"]
[BlackElo "2550"]
[Opening "Sicilian: Smith-Morra gambit"]
[ECO "B21"]
[NIC "SI.48"]
[Time "20:16:22"]
[TimeControl "180+0"]

1. e4 c5 2. d4 cxd4 3. c3 dxc3 4. Nxc3 e6 5. Nf3 Nc6 6. Bc4 Qc7 7. Bg5 a6 8.
Rc1 Be7 9. h4 Nf6 10. e5 Nxe5 11. Be2 Nxf3+ 12. Bxf3 Qe5+ 13. Kf1 O-O 14. g3
d5 15. Bf4 Qf5 16. Qe2 b5 17. Nd1 h5 18. Ne3 Qg6 19. Be5 Re8 20. Bxf6 Qxf6
21. Bxh5 Bb7 22. Bf3 Rac8 23. Rxc8 Rxc8 24. Kg2 Bd6 25. Ng4 Qf5 26. h5 Bf8
27. h6 g6 28. h7+ Kh8 29. Nh6 Qf6 30. Ng4 Qg7 31. Qe3 d4 32. Qf4 Bxf3+ 33.
Qxf3 f5 34. Nh6 Rc7 35. Ng8 e5 36. Qd5 Rd7 37. Qa8 e4 38. Nh6 d3 39. Rd1
Qxh6 40. Qe8 Qg7 41. Rd2 Qf7 {White forfeits on time} 0-1

[Event "ICC Open 2015"]
[Site "Internet Chess Club"]
[Date "2015.05.30"]
[Round "8"]
[White "hejajw"]
[Black "fviana"]
[Result "1-0"]
[ICCResult "Black checkmated"]
[WhiteElo "2538"]
[BlackElo "2350"]
[Opening "Catalan: closed"]
[ECO "E01"]
[NIC "CA.01"]
[Time "20:15:08"]
[TimeControl "180+0"]

1. d4 Nf6 2. c4 e6 3. g3 d5 4. Bg2 Bb4+ 5. Bd2 Be7 6. Nf3 O-O 7. O-O c6 8.
Qc2 Nbd7 9. Bf4 b6 10. Rd1 Bb7 11. Nc3 Nh5 12. Ne5 Nxf4 13. gxf4 Rc8 14. e3
f6 15. Nxd7 Qxd7 16. b3 f5 17. Na4 Rf6 18. c5 b5 19. Nb2 a5 20. b4 a4 21.
Nd3 Rh6 22. Ne5 Qc7 23. h3 Bf6 24. Nf3 Kh8 25. Kf1 Rg8 26. Ke2 Bc8 27. Rg1
Bd7 28. a3 Be8 29. Ng5 Bh5+ 30. Kd2 Qe7 31. h4 Rg6 32. Bf3 Bxf3 33. Nxf3 Rh6
34. Rg5 Bxg5 35. hxg5 Rh5 36. Ne5 Qe8 37. g6 hxg6 38. Rg1 Rh6 39. Qd1 Kh7
40. Rg5 Rf8 41. Qg1 Rf6 42. Qg3 Rh5 43. Kc3 Rxg5 44. fxg5 Rf8 45. Nd3 Rh8
46. Qd6 Kg8 47. Nf4 Kf7 48. Qc7+ Qe7 49. Qxc6 Rh2 50. Qxb5 Rxf2 51. Qxa4 Rf3
52. Kd2 Rf2+ 53. Kd3 Rf3 54. Qc6 Kg8 55. b5 e5 56. Qxd5+ Qf7 57. Qxf7+ Kxf7
58. dxe5 Rf1 59. c6 Rd1+ 60. Kc4 Rc1+ 61. Kd5 Ke7 62. Nxg6+ Ke8 63. b6 Rd1+
64. Ke6 Rc1 65. c7 Rc6+ 66. Kd5 Rxb6 67. c8=Q+ Kf7 68. Qd7+ Kxg6 69. Qe8+
Kh7 70. g6+ Kh6 71. Qg8 Rb5+ 72. Kc4 Rb6 73. Qh7+ Kg5 74. Qxg7 Rc6+ 75. Kd5
Rxg6 76. Qe7+ Kg4 77. e6 f4 78. Qf7 Rg5+ 79. Kd6 Rf5 80. exf4 Rxf7 81. exf7
Kxf4 82. f8=Q+ Ke4 83. Qc8 Kd3 84. a4 Kd2 85. a5 Ke3 86. a6 Ke4 87. a7 Kf4
88. a8=Q Kg5 89. Qc4 Kg6 90. Qa5 Kg7 91. Qc6 Kf8 92. Kd5 Kf7 93. Qa7+ Kf8
94. Qca8# {Black checkmated} 1-0